 Dungeon Crawl Stone Soup version 0.21-a0-400-g417d9d2 (webtiles) character file.

209774 Klosterheim the Fencer (level 18, -6/138 HPs)
             Began as a Grey Draconian Skald on Oct 20, 2017.
             Was the Champion of Hepliaklqana.
             Hit by a javelin of penetration thrown by a merfolk javelineer (19 damage)
             ... on level 4 of the Shoals.
             The game lasted 03:37:05 (48724 turns).

Klosterheim the Fencer (Grey Draconian Skald)      Turns: 48724, Time: 03:37:06

Health: -6/138     AC: 23    Str: 12    XL:     18   Next: 16%
Magic:  0/31       EV: 26    Int: 21    God:    Hepliaklqana [******]
Gold:   2392       SH: 15    Dex: 16    Spells: 19/35 levels left

rFire    + . .     SeeInvis .   M - +5 double sword (elec)
rCold    + + .     Gourm    .   F - +3 shield of Hoxifful {rPois rF+ rC++ Str-2}
rNeg     . . .     Faith    .   (armour unavailable)
rPois    +         Spirit   +   (helmet restricted)
rElec    .         Reflect  .   Q - scarf {Spirit}
rCorr    .         Harm     .   B - +1 pair of gloves
MR       ++...                  J - +1 pair of boots
Stlth    +++++.....             c - amulet of regeneration
HPRegen  0.73/turn              b - ring of protection from magic
MPRegen  0.22/turn              S - +4 ring of protection

@: agile, about to teleport, very slow
A: walk through water, unfitting armour, reduced essence, unbreathing,
cold-blooded, AC +15
}: 1/15 runes: gossamer
a: Recall Ancestor, Ancestor Identity, Transference, Idealise, Renounce Religion


You were on level 4 of the Shoals.
You worshipped Hepliaklqana.
Hepliaklqana was exalted by your worship.
You were not hungry.

You visited 5 branches of the dungeon, and saw 31 of its levels.
You also visited: Ossuary and Ice Cave.

You collected 2925 gold pieces.
You spent 533 gold pieces at shops.

Inventory:

Hand Weapons
 M - a +5 double sword of electrocution (weapon)
 P - a +2 scimitar of flaming
Armour
 B - a +1 pair of gloves (worn)
 F - the +3 shield of Hoxifful (worn) {rPois rF+ rC++ Str-2}
   (You took it off Asterion on level 4 of the Spider Nest)

   It affects your strength (-2).
   It protects you from fire.
   It greatly protects you from cold.
   It protects you from poison.
 J - a +1 pair of boots (worn)
 Q - a scarf of spirit shield (worn)
Jewellery
 b - a ring of protection from magic (left hand)
 c - an amulet of regeneration (around neck)
 l - an uncursed ring of flight
 S - a +4 ring of protection (right hand)
Wands
 i - a wand of disintegration (1/24)
 n - a wand of disintegration (7/24)
 p - a wand of scattershot (4/9)
 s - a wand of polymorph (7/24)
 A - a wand of iceblast (2/15)
 D - a wand of digging (5/24)
 Y - a wand of clouds (2/9)
Scrolls
 a - a scroll of amnesia
 g - 7 scrolls of magic mapping
 u - a scroll of recharging
 E - 2 scrolls of teleportation
 I - 6 scrolls of remove curse
 K - 13 scrolls of identify
 L - 2 scrolls of fear
 N - 3 scrolls of silence
 T - a scroll of holy word
 U - 2 scrolls of enchant armour
Potions
 d - 2 potions of curing
 e - a potion of might
 j - 9 potions of ambrosia
 r - 3 potions of resistance
 t - 3 potions of brilliance
 v - 2 potions of mutation
 w - a potion of magic
 x - 3 potions of haste
 z - 2 potions of cancellation
 H - 2 potions of lignification
 O - 2 potions of agility
Books
 h - a book of the Earth

   Spells                             Type                      Level
   a - Leda's Liquefaction            Hexes/Earth                  4
   b - Bolt of Magma                  Conjuration/Fire/Earth       5
   c - Statue Form                    Transmutation/Earth          6
   d - Iron Shot                      Conjuration/Earth            6
   e - Shatter                        Earth                        9
Miscellaneous
 y - a lamp of fire
 R - a lightning rod (4/4)
 W - a phantom mirror
Comestibles
 f - 31 royal jellies
 q - 23 meat rations


   Skills:
 - Level 12.0 Fighting
 - Level 16.0 Long Blades
 - Level 12.0 Dodging
 - Level 9.0 Stealth
 * Level 13.0 Shields
 - Level 9.0 Spellcasting
 - Level 3.3 Conjurations
 - Level 9.0 Charms
 - Level 14.0 Earth Magic
 - Level 5.0 Invocations
 - Level 4.0 Evocations


You had 19 spell levels left.
You knew the following spells:

 Your Spells              Type           Power        Failure   Level  Hunger
a - Song of Slaying       Chrm           #####...     1%          2    None
b - Shroud of Golubria    Chrm/Tloc      ####......   2%          2    None
c - Regeneration          Chrm/Necr      ####......   4%          3    None
d - Spectral Weapon       Hex/Chrm       ####....     4%          3    None
e - Iron Shot             Conj/Erth      #####.....   36%         6    ######.


Dungeon Overview and Level Annotations

Branches:
Dungeon (15/15)            Temple (0/1) D:5            Lair (6/6) D:11
 Shoals (4/4) Lair:3       Spider (4/4) Lair:2        Slime (0/5) Lair:6
    Orc (2/2) D:12            Elf (0/3) Orc:2        Vaults (0/5) D:13
 Depths (0/5) D:15

Altars:
Dithmenos
Fedhas
Hepliaklqana
Kikubaaqudgha
Makhleb
Okawaru
Qazlal
Trog
Vehumet
Zin
Beogh
Jiyva

Shops:
D:8 [   D:12 (   D:15 (   Orc:2 !((}   Shoals:1 (

Annotations:
Shoals:4 Ilsuiw


Innate Abilities, Weirdness & Mutations

You can walk through water.
Your dull iron-grey scales are very hard. (AC +15)
You cannot fit into any form of body armour.
You can survive without breathing.
You are cold-blooded and may be slowed by cold attacks.
Your life essence is reduced to manifest your ancestor. (-10% HP)


Message History

The harpy misses you.
You riposte.
You slash the harpy! Lightning courses through the harpy!
Your tail-slap misses the harpy.
The harpy is heavily wounded.
The harpy barely misses you.
The merfolk javelineer throws a javelin of penetration.
The javelin of penetration pierces through you!
* * * LOW HITPOINT WARNING * * *
You hear a splash.
A merfolk comes into view. It is wielding a trident of freezing.
You feel better. The harpy barely misses you. You block the harpy's attack.
The merfolk throws a throwing net.
You block the throwing net.
You hear a splash.
The merfolk javelineer throws a javelin of penetration.
The javelin of penetration completely misses you.
You hear a splash.
As you read the scroll of teleportation, it crumbles to dust.
You feel strangely unstable. You block the harpy's attack. x2
The merfolk javelineer throws a javelin of penetration.
The javelin of penetration pierces through you!!
You die...

≈≈≈≈≈≈≈≈≈≈≈≈≈≈≈≈≈≈
≈≈≈≈≈≈≈≈≈≈≈≈≈≈≈≈≈≈
≈≈≈≈≈≈≈≈≈≈≈≈≈≈≈≈≈≈
≈≈≈≈≈≈≈≈≈≈≈≈≈≈≈≈≈≈
≈≈≈≈≈≈≈≈≈≈≈≈≈≈≈≈≈≈
≈≈≈≈≈≈≈≈≈≈≈≈≈≈≈≈≈≈
≈≈≈≈≈≈≈≈≈≈≈≈≈≈≈≈≈≈
≈≈≈≈≈≈≈≈≈(@≈≈≈≈≈≈≈
≈≈≈≈≈≈≈≈≈≈≈≈≈≈≈≈≈≈
≈≈≈≈≈≈≈≈≈≈H≈≈≈≈≈≈≈
≈≈≈≈≈≈≈≈≈≈≈≈≈≈≈≈≈≈
≈≈≈≈≈≈≈≈≈≈≈≈≈≈≈≈≈≈
≈≈≈m≈≈≈≈≈≈≈≈≈≈≈≈≈≈
≈≈≈≈m≈≈≈≈≈≈≈≈≈≈≈≈≈
≈≈≈≈≈≈≈≈≈≈≈≈≈≈≈≈≈≈


You could see a merfolk javelineer, a merfolk and a harpy.

Vanquished Creatures
  Arachne (Spider:3)
  Rupert (Lair:6)
  Asterion (Spider:4)
  2 krakens
  The ghost of graki42 the Fencer, an adept HaBe of Trog (Shoals:4)
  A frost giant (IceCv)
  11 emperor scorpions
  2 ghost moths
  Louise (Spider:4)
  2 entropy weavers (Spider:3)
  A dire elephant (D:15)
  6 merfolk javelineers
  A fire dragon (Lair:6)
  3 merfolk impalers
  2 ogre magi (Orc:2)
  Erolcha (Orc:2)
  4 hydras
  3 vault guards
  An anaconda (Lair:6)
  2 centaur warriors
  4 merfolk aquamancers
  3 two-headed ogres
  6 merfolk avatars
  An alligator snapping turtle (Shoals:4)
  2 tengu warriors
  A catoblepas (Lair:6)
  2 satyrs
  Urug (D:13)
  6 death yaks
  Nergalle (Orc:2)
  A swamp dragon (Lair:6)
  6 sea snakes
  An obsidian statue (D:15)
  Pikel (D:8)
  11 harpies
  5 orc sorcerers (Orc:2)
  3 cyclopes
  10 manticores
  11 orb spiders
  15 fauns
  A cyclops (shapeshifter) (D:14)
  26 wolf spiders
  3 elephants (Lair:5)
  2 moths of wrath
  Joseph (D:8)
  4 water nymphs
  10 merfolk sirens
  Maurice (D:11)
  An ice statue (IceCv)
  A black mamba (Lair:6)
  A gargoyle (D:15)
  A naga mage (D:15)
  3 torpor snails
  12 demonic crawlers
  3 rime drakes
  A kobold demonologist (D:15)
  7 spiny frogs
  An efreet (D:15)
  A freezing wraith (D:14)
  8 komodo dragons
  A yaktaur (D:15)
  A tengu conjurer (D:14)
  13 merfolk
  7 trolls
  24 polar bears
  3 hornets
  11 blink frogs
  21 jumping spiders
  4 wind drakes
  4 slime creatures (D:14)
  2 raiju (Lair:6)
  7 snapping turtles
  9 hippogriffs
  8 dream sheep
  41 tarantellas
  9 water elementals
  63 redbacks
  A vampire (D:12)
  2 wraiths
  Sigmund (D:2)
  53 yaks
  The ghost of Yermak the Insei, an amateur DgTm (D:4)
  2 wyverns
  A basilisk (Lair:6)
  A hungry ghost (D:12)
  5 steam dragons
  3 wargs (Lair:6)
  3 soldier ants
  9 porcupines
  A soldier ant (shapeshifter) (D:13)
  10 hell hounds (Lair:6)
  12 water moccasins
  A hornet zombie (D:9)
  A swamp drake (Lair:6)
  An ice beast (D:10)
  19 orc warriors
  10 black bears (Lair:6)
  3 sky beasts
  2 phantoms
  7 ogres
  31 wolves
  8 centaurs
  4 big kobolds
  10 crocodiles
  A gnoll sergeant (D:8)
  12 bullfrogs
  2 wyvern skeletons
  4 scorpions
  9 killer bees
  6 wights
  An electric eel (Spider:4)
  2 howler monkeys (D:4)
  6 crimson imps
  3 centaur zombies
  3 jellies
  10 orc priests
  37 orc wizards
  4 hounds
  6 iguanas
  Jessica (D:2)
  2 centaur skeletons
  A gnoll shaman (D:10)
  Terence (D:2)
  10 worker ants
  A hound skeleton (D:4)
  2 worker ant zombies
  3 adders
  7 gnolls
  A shadow imp (D:6)
  An ooze (D:4)
  3 adder zombies
  An adder skeleton (D:6)
  2 worms (D:3)
  A dart slug (D:1)
  4 leopard geckos
  62 orcs
  A ball python (D:1)
  A giant cockroach (D:3)
  11 goblins
  6 hobgoblins
  24 kobolds
  3 quokkas
  A ball python skeleton (Ossuary)
  16 bats
  2 frilled lizards (D:1)
  2 hobgoblin skeletons (Ossuary)
  A hobgoblin zombie (Ossuary)
  A jackal zombie (D:5)
  2 kobold zombies (Ossuary)
  A leopard gecko skeleton (D:8)
  An orc zombie (Ossuary)
  4 rats
  A bush (D:15)
  A butterfly (D:5)
  2 fungi (Lair:5)
  4 plants (Shoals:4)
  4 tentacles
954 creatures vanquished.

Vanquished Creatures (collateral kills)
  3 ghost moths
  A spark wasp (Spider:4)
  A catoblepas (Lair:4)
  Erica (Lair:1)
  A death yak (Lair:4)
  4 sea snakes
  2 unseen horrors
  2 wizards (D:15)
  2 wolf spiders (Spider:1)
  An orc sorcerer (Orc:2)
  3 orb spiders
  A faun (Shoals:3)
  A centaur zombie (D:13)
  3 merfolk sirens
  A black mamba (Lair:6)
  2 spiny frogs (Lair:6)
  A komodo dragon (Lair:6)
  A demonic crawler (Spider:3)
  2 yaktaurs (D:15)
  A troll (Orc:2)
  4 merfolk
  2 polar bears
  5 jumping spiders
  A blink frog (Lair:3)
  A wind drake (Shoals:1)
  2 dream sheep
  A snapping turtle (Shoals:1)
  A raiju (Lair:6)
  9 redbacks
  5 tarantellas
  2 water elementals
  2 wraiths
  10 yaks
  A steam dragon (Lair:6)
  A warg (Lair:6)
  4 hell hounds (Lair:6)
  3 orc warriors
  A black bear (Lair:6)
  A phantom (D:9)
  2 ogres
  A sky beast (D:9)
  A necrophage (D:12)
  5 wolves
  3 centaurs
  A crocodile (Lair:5)
  3 big kobolds
  3 bullfrogs
  3 killer bees
  A wight (D:11)
  A quasit (D:3)
  A jelly (D:10)
  An orc priest (D:7)
  A human zombie (D:7)
  9 orc wizards
  A worker ant (D:5)
  A worker ant zombie (D:10)
  2 gnolls
  2 adders
  A worm (D:3)
  A leopard gecko (D:3)
  13 orcs
  A giant cockroach (D:3)
  10 kobolds
  A rat (D:3)
  A butterfly (D:5)
  2 plants
162 creatures vanquished.

Vanquished Creatures (others)
  A merfolk aquamancer (Shoals:2)
  An orb spider (Spider:1)
  3 redbacks
  A tarantella (Spider:1)
  A sky beast (D:8)
  2 slaves (D:8)
  A bullfrog (D:8)
  A jelly (D:15)
  An iguana (D:8)
  50 hexers
  3 gnolls (D:8)
  An adder (D:8)
  3 ancestors
  A quokka (D:8)
  9 fungi
  24 plants
  21 spectral weapons
  37 tentacles
161 creatures vanquished.

Grand Total: 1277 creatures vanquished

Notes
Turn   | Place    | Note
-------+----------+-------------------------------------------
     0 | D:1      | Klosterheim the Draconian Skald began the quest for the Orb.
     0 | D:1      | Reached XP level 1. HP: 17/17 MP: 3/3
   138 | D:1      | Reached XP level 2. HP: 18/24 MP: 5/5
   221 | D:1      | Reached skill level 3 in Long Blades
   524 | D:1      | Reached XP level 3. HP: 29/29 MP: 6/6
   862 | D:2      | Noticed Jessica
   871 | D:2      | Killed Jessica
  1283 | D:2      | Noticed Terence
  1293 | D:2      | Killed Terence
  1293 | D:2      | Reached skill level 4 in Long Blades
  1293 | D:2      | Reached XP level 4. HP: 30/36 MP: 2/7
  1421 | D:2      | Noticed Sigmund
  1433 | D:2      | Killed Sigmund
  1433 | D:2      | Reached skill level 5 in Long Blades
  1433 | D:2      | Reached XP level 5. HP: 41/41 MP: 8/8
  1437 | D:2      | Learned a level 2 spell: Shroud of Golubria
  1441 | D:2      | Learned a level 3 spell: Regeneration
  1537 | D:2      | Noticed an angel
  1538 | D:2      | Found a glowing silver altar of Zin.
  1901 | D:3      | Found a hazy altar of Hepliaklqana.
  1968 | D:3      | Became a worshipper of Hepliaklqana the Forgotten
  2028 | D:3      | Found a stormy altar of Qazlal.
  2161 | D:3      | Reached XP level 6. HP: 41/43 MP: 9/9
  2204 | D:3      | Found a blossoming altar of Fedhas.
  2914 | D:3      | Found a burning altar of Makhleb.
  3140 | D:3      | Reached skill level 6 in Long Blades
  3533 | D:4      | Reached * piety under Hepliaklqana
  3595 | D:4      | HP: 2/43 [leopard gecko (5)]
  3651 | D:4      | Noticed Yermak's ghost (amateur DgTm)
  4122 | D:4      | Your scales start taking on a dull iron-grey colour.
  4122 | D:4      | Reached XP level 7. HP: 49/50 MP: 8/10
  4122 | D:4      | Gained mutation: You can survive without breathing. [Grey Draconian growth]
  4617 | D:4      | Killed Yermak's ghost
  4617 | D:4      | Reached skill level 5 in Charms
  4946 | D:5      | Entered Level 5 of the Dungeon
  4979 | D:5      | Noticed a two-headed ogre
  4992 | D:5      | Killed a two-headed ogre
  4992 | D:5      | Reached skill level 7 in Long Blades
  4992 | D:5      | Reached XP level 8. HP: 44/56 MP: 0/13
  5242 | D:5      | Found a staircase to the Ecumenical Temple.
  5396 | D:5      | Reached skill level 5 in Dodging
  5750 | D:6      | Reached skill level 8 in Long Blades
  5880 | D:6      | Reached XP level 9. HP: 59/62 MP: 13/15
  6105 | D:6      | Reached ** piety under Hepliaklqana
  6106 | D:6      | Remembered your ancestor Cyneburga as a hexer
  6378 | D:7      | Found a sand-covered staircase.
  6538 | Ossuary  | Entered an ossuary
  6701 | Ossuary  | Reached skill level 9 in Long Blades
  6706 | Ossuary  | Learned a level 3 spell: Spectral Weapon
  6730 | Ossuary  | Reached skill level 5 in Spellcasting
  7169 | D:7      | Reached *** piety under Hepliaklqana
  7803 | D:8      | Noticed Pikel
  7826 | D:8      | Killed Pikel
  7826 | D:8      | Reached XP level 10. HP: 37/69 MP: 9/17
  7938 | D:8      | Noticed Joseph
  7959 | D:8      | Killed Joseph
  8537 | D:8      | Found an iron altar of Okawaru.
  8598 | D:8      | Found Etaqowk's Antique Armour Shop.
  8647 | D:8      | Found a bloodstained altar of Trog.
  9140 | D:8      | Reached skill level 10 in Long Blades
  9356 | D:9      | Noticed a two-headed ogre
  9366 | D:9      | Killed a two-headed ogre
  9366 | D:9      | Reached skill level 5 in Fighting
  9840 | D:9      | Reached skill level 11 in Long Blades
 10654 | D:9      | Reached XP level 11. HP: 78/80 MP: 18/18
 10869 | D:9      | Noticed a two-headed ogre
 10882 | D:9      | Killed a two-headed ogre
 11032 | D:10     | Entered Level 10 of the Dungeon
 11356 | D:10     | Reached **** piety under Hepliaklqana
 12285 | D:11     | Reached skill level 1 in Stealth
 12654 | D:11     | Reached skill level 12 in Long Blades
 12818 | D:11     | Found a staircase to the Lair.
 12928 | D:11     | Noticed Maurice
 12937 | D:11     | Killed Maurice
 13237 | Lair:1   | Entered Level 1 of the Lair of Beasts
 13440 | Lair:1   | Learned a level 2 spell: Song of Slaying
 13453 | Lair:1   | Reached ***** piety under Hepliaklqana
 13624 | Lair:1   | Noticed Erica
 13646 | Lair:1   | Killed Erica
 14406 | Lair:1   | Reached XP level 12. HP: 83/90 MP: 19/19
 15482 | Lair:2   | Found a hole to the Spider Nest.
 15658 | Lair:2   | Noticed a five-headed hydra
 15671 | Lair:2   | Killed a one-headed hydra
 16182 | Lair:3   | Reached skill level 5 in Stealth
 16882 | Lair:3   | Reached skill level 1 in Shields
 17361 | Lair:3   | Found a staircase to the Shoals.
 17465 | Lair:4   | Noticed a death yak
 17474 | Lair:4   | Noticed a death yak
 17477 | Lair:4   | Noticed a death yak
 17478 | Lair:4   | Noticed a death yak
 17478 | Lair:4   | Noticed a death yak
 17480 | Lair:4   | Noticed a death yak
 17485 | Lair:4   | Killed a death yak
 17809 | Lair:4   | Noticed a catoblepas
 18003 | Lair:5   | Reached XP level 13. HP: 97/99 MP: 22/22
 18054 | Lair:5   | Reached ****** piety under Hepliaklqana
 18078 | Lair:5   | Reached skill level 1 in Evocations
 18118 | Lair:5   | Found a frozen archway.
 18136 | Lair:5   | Reached skill level 13 in Long Blades
 18270 | IceCv    | Entered an ice cave
 19572 | IceCv    | Noticed a frost giant
 19639 | IceCv    | Reached skill level 10 in Dodging
 19840 | IceCv    | Killed a frost giant
 21452 | Lair:4   | Reached skill level 10 in Fighting
 23327 | D:12     | Found Tallet Zuruq's Weapon Shop.
 23344 | D:12     | Reached XP level 14. HP: 67/108 MP: 12/25
 23529 | D:12     | Found a staircase to the Orcish Mines.
 23542 | Orc:1    | Entered Level 1 of the Orcish Mines
 23586 | Orc:1    | Found a roughly hewn altar of Beogh.
 23809 | Orc:2    | Entered Level 2 of the Orcish Mines
 24386 | Orc:2    | Found a staircase to the Elven Halls.
 24823 | Orc:2    | Paralysed by an orc sorcerer for 2 turns
 25095 | Orc:2    | Found Maf Jush's Distillery.
 25187 | Orc:2    | Found a radiant altar of Vehumet.
 25194 | Orc:2    | Noticed Erolcha
 25205 | Orc:2    | Killed Erolcha
 25205 | Orc:2    | Reached skill level 14 in Long Blades
 25214 | Orc:2    | Found Ycoxoh's Antique Weapon Shoppe.
 25281 | Orc:2    | Noticed Nergalle
 25291 | Orc:2    | Killed Nergalle
 25430 | Orc:2    | Found an ancient bone altar of Kikubaaqudgha.
 25453 | Orc:2    | Found a roughly hewn altar of Beogh.
 25453 | Orc:2    | Found Jipt's Gadget Emporium.
 25700 | Orc:2    | Found Fibif's Antique Weapon Emporium.
 25711 | Orc:2    | Bought a glowing triple sword for 533 gold pieces
 26565 | D:12     | Found the +4 Vampire's Tooth {vamp}
 26629 | D:12     | Reached skill level 1 in Invocations
 27310 | D:13     | Noticed Urug
 27322 | D:13     | Killed Urug
 28631 | D:13     | Found a gate to the Vaults.
 29031 | D:14     | Reached skill level 5 in Invocations
 30305 | D:14     | Found a shadowy altar of Dithmenos.
 30477 | D:15     | Entered Level 15 of the Dungeon
 30812 | D:15     | Found a staircase to the Depths.
 31452 | D:15     | Found Omack's Weapon Emporium.
 31482 | D:15     | Identified a scroll of acquirement
 31722 | D:15     | Learned a level 6 spell: Iron Shot
 32315 | D:15     | Reached skill level 1 in Earth Magic
 32691 | Lair:6   | Entered Level 6 of the Lair of Beasts
 32698 | Lair:6   | Found a staircase to the Slime Pits.
 32698 | Lair:6   | Found a viscous altar of Jiyva.
 32708 | Lair:6   | Reached XP level 15. HP: 111/113 MP: 28/28
 32722 | Lair:6   | Noticed Rupert
 32739 | Lair:6   | Killed Rupert
 33396 | Lair:6   | Reached skill level 5 in Earth Magic
 33596 | Lair:6   | Reached skill level 15 in Long Blades
 34660 | Spider:1 | Entered Level 1 of the Spider Nest
 35817 | Spider:1 | Reached skill level 16 in Long Blades
 35922 | Spider:1 | Upgraded the game from 0.21-a0-396-ga924934 to 0.21-a0-400-g417d9d2
 36931 | Spider:2 | Reached skill level 10 in Earth Magic
 37108 | Spider:1 | Killed a ghost moth
 37108 | Spider:1 | Reached XP level 16. HP: 90/120 MP: 0/29
 39278 | Spider:3 | Reached skill level 1 in Conjurations
 39368 | Spider:3 | Noticed Arachne
 39764 | Spider:3 | Killed Arachne
 39926 | Spider:4 | Entered Level 4 of the Spider Nest
 39980 | Spider:4 | Noticed Asterion
 40042 | Spider:4 | Killed Asterion
 40044 | Spider:4 | Got a steaming shield
 40168 | Spider:3 | Identified the +3 shield of Hoxifful {rPois rF+ rC++ Str-2} (You took it off Asterion on level 4 of the Spider Nest)
 40489 | Spider:3 | Reached skill level 5 in Shields
 40860 | Spider:4 | Noticed Louise
 41185 | Spider:4 | Killed Louise
 42309 | Spider:4 | Reached XP level 17. HP: 48/129 MP: 2/30
 43332 | Spider:4 | Got a gossamer rune of Zot
 43565 | Shoals:1 | Entered Level 1 of the Shoals
 44327 | Shoals:1 | Found Osiuruv's Antique Weapon Boutique.
 44804 | Shoals:2 | Noticed a kraken
 44929 | Shoals:2 | Reached skill level 10 in Shields
 45280 | Shoals:2 | Killed a kraken
 46717 | Shoals:3 | Noticed a kraken
 46748 | Shoals:3 | Killed a kraken
 48005 | Shoals:4 | Entered Level 4 of the Shoals
 48045 | Shoals:4 | Noticed graki42's ghost (adept HaBe)
 48079 | Shoals:4 | Killed graki42's ghost
 48391 | Shoals:4 | Reached XP level 18. HP: 76/138 MP: 13/31
 48395 | Shoals:4 | Identified Uxag's Almanac of Sinister Weightlessness
 48593 | Shoals:4 | Noticed Ilsuiw
 48722 | Shoals:4 | HP: 6/138 [merfolk javelineer/javelin of penetration (11)]
 48724 | Shoals:4 | Hit by a javelin of penetration thrown by a merfolk javelineer

Vault maps used:
D:1:      onia_arrival_pyramid, serial_curves, eino_curves_04, eino_curves_01
D:2:      zin_angel, serial_glass, glass_columns_a, glass_columns_a,
          kennysheep_cross_room, uniq_sigmund, uniq_terence, uniq_jessica
D:3:      grunt_temple_overflow_forces_of_nature, lemuel_crystal_altar,
          serial_bayou, serial_bayou_shore_a, serial_bayou_pond_e,
          serial_bayou_shore_b, serial_bayou_lake_a, small_statue_intersection,
          hangedman_feature_mirror, bloody_makhleb
D:4:      st_stairs_10
D:5:      cheibrodos_quashed, minmay_temple_entry_butterflies, first_bread
D:7:      enter_bailey_8, enter_ossuary_3
D:8:      old_standard_altar, okawaru_metal_pillars_1_2, serial_shops,
          kennysheep_little_box, uniq_joseph, uniq_pikel
D:9:      hangedman_pestilent_swarm
D:11:     grunt_lair_entry_orc_guard_hut, uniq_maurice
D:12:     orc_david_3
D:13:     lightli_vaults_fourway_checkpoint, uniq_erolcha, uniq_urug
D:14:     grunt_dithmenos_smoke, spider_trap
D:15:     hangedman_depths_entry_try_elsewhere_first, serial_shops,
          nicolae_shop_trees, serial_park_tiny_2, minmay_protected_statue
Lair:1:   serial_bayou_lagoon_a, lemuel_fruit_fields, serial_bayou_shore_b,
          uniq_erica
Lair:2:   spider_nest_entry_webs, beast_lair_carwin_4, grunt_megastairs_4
Lair:3:   minmay_shoals_entry_lonely_mermaid, st_stairs_13
Lair:5:   portal_ice_cave_rime
Lair:6:   guppyfry_lair_end_dragon, hangedman_lair_caniforms_friends,
          slime_altar_1, serial_forest, infiniplex_forest_lined_corner,
          infiniplex_forest_zigzag_1, infiniplex_forest_lined_room_,
          infiniplex_forest_straight_2, infiniplex_forest_clump_medium,
          uniq_rupert
Shoals:1: serial_shops, shop
Shoals:2: nicolae_shoals_hunting_party
Shoals:4: shoals_end_simple, shoals_ilsuiw_ice
Spider:3: uniq_arachne
Spider:4: grunt_spider_rune_circles, uniq_louise, uniq_asterion
Orc:1:    basic_altar
Orc:2:    kennysheep_orc_mage_school, mines_bat_river
Ossuary:  ossuary_due_cavern
IceCv:    ice_cave_caverns_01

Skill      XL: |  1  2  3  4  5  6  7  8  9 10 11 12 13 14 15 16 17 18 |
---------------+-------------------------------------------------------+-----
Charms         | 3 4 5 8 9 |  9.0
Long Blades    | 3 4 5 6 7 8 9 11 12 13 14 16 | 16.0
Dodging        | 4 5 7 9 10 11 12 | 12.0
Fighting       | 3 6 7 8 10 11 12 | 12.0
Spellcasting   | 3 4 5 6 7 9 |  9.0
Stealth        | 3 5 7 9 |  9.0
Shields        | 2 4 8 12 13 | 13.0
Evocations     | 4 |  4.0
Invocations    | 5 |  5.0
Earth Magic    | 1 10 12 14 | 14.0
Conjurations   | 3 |  3.3

Action                   |  1- 3 |  4- 6 |  7- 9 | 10-12 | 13-15 | 16-18 || total
-------------------------+-------+-------+-------+-------+-------+-------++-------
Melee: Falchion          |    52 |   177 |   256 |   420 |       |       ||   905
       Tailslap          |     3 |    16 |    30 |   127 |   268 |   134 ||   578
       Short sword       |    57 |    24 |    48 |       |       |       ||   129
       Scimitar          |       |       |       |   443 |  1028 |       ||  1471
       Double sword      |       |       |       |       |   593 |  1102 ||  1695
       Triple sword      |       |       |       |       |    60 |       ||    60
 Cast: Infusion          |     2 |     7 |     3 |     1 |       |       ||    13
       Shroud of Golubri |       |     9 |     8 |    19 |    38 |    29 ||   103
       Regeneration      |       |     5 |     6 |    27 |    42 |    27 ||   107
       Spectral Weapon   |       |       |       |    19 |    13 |    26 ||    58
       Song of Slaying   |       |       |       |       |    36 |     6 ||    42
       Iron Shot         |       |       |       |       |       |     3 ||     3
Invok: Ancestor Identity |       |     1 |       |       |       |       ||     1
       Recall Ancestor   |       |     1 |       |     1 |       |     5 ||     7
       Ancestor Life: He |       |       |     1 |       |       |       ||     1
       Idealise          |       |       |       |       |     1 |       ||     1
 Abil: Evoke Flight      |       |       |       |       |       |     1 ||     1
Evoke: Wand              |       |     1 |       |     7 |     6 |    26 ||    40
       Lamp of fire      |       |       |       |       |     1 |       ||     1
  Use: Potion            |     1 |     4 |     1 |     3 |     9 |    21 ||    39
       Scroll            |       |     6 |    18 |    17 |    16 |    12 ||    69
 Stab: Paralysed         |       |     6 |       |       |    14 |    46 ||    66
       Distracted        |       |       |     1 |    10 |     9 |    26 ||    46
       Sleeping          |       |       |     6 |    13 |    14 |     9 ||    42
       Confused          |       |       |     2 |     8 |    10 |     4 ||    24
       Invisible         |       |       |       |       |     3 |       ||     3
       Petrified         |       |       |       |       |     3 |       ||     3
       Petrifying        |       |       |       |       |     1 |       ||     1
  Eat: Chunk             |     6 |    17 |    12 |    38 |    57 |    28 ||   158
       Fruit             |       |       |       |       |       |     1 ||     1
       Meat ration       |       |       |       |       |       |     2 ||     2
       Bread ration      |       |       |       |       |       |     1 ||     1
Armor: Skin              |    40 |   114 |    94 |   289 |   743 |   489 ||  1769
Dodge: Dodged            |    78 |   147 |   204 |   500 |  1341 |   766 ||  3036
Block: Buckler           |       |       |       |     8 |   309 |    53 ||   370
       Shield            |       |       |       |       |       |   605 ||   605
       Rpst.: Falchion   |    16 |    27 |    57 |    55 |       |       ||   155
       Scimitar          |       |       |       |    84 |   162 |       ||   246
       Triple sword      |       |       |       |       |    18 |       ||    18
       Double sword      |       |       |       |       |   103 |   151 ||   254

Table legend:
 A = Spawn XP
 B = Non-spawn XP
 C = Spawn XP percentage of total XP
 D = Spawn monster count
 E = Non-spawn monster count
 F = Spawn count percentage of total count
 G = Total turns spent on level
                    A         B        C        D         E        F      G
               +---------+---------+-------+---------+---------+-------+---------
         Total |       0 |  304437 |   0.0 |       0 |    1103 |   0.0 | 48724
               +---------+---------+-------+---------+---------+-------+---------
           D:1 |       0 |      45 |   0.0 |       0 |      27 |   0.0 |   847
           D:2 |       0 |     304 |   0.0 |       0 |      13 |   0.0 |   996
           D:3 |       0 |     283 |   0.0 |       0 |      31 |   0.0 |  1889
           D:4 |       0 |     708 |   0.0 |       0 |      20 |   0.0 |  1235
           D:5 |       0 |    1247 |   0.0 |       0 |       7 |   0.0 |   784
           D:6 |       0 |     583 |   0.0 |       0 |      18 |   0.0 |   608
           D:7 |       0 |    1144 |   0.0 |       0 |      25 |   0.0 |  1318
           D:8 |       0 |    2497 |   0.0 |       0 |      23 |   0.0 |  1422
           D:9 |       0 |    4554 |   0.0 |       0 |      35 |   0.0 |  2111
          D:10 |       0 |    1615 |   0.0 |       0 |      32 |   0.0 |   798
          D:11 |       0 |    2918 |   0.0 |       0 |      27 |   0.0 |  1295
          D:12 |       0 |    4563 |   0.0 |       0 |      35 |   0.0 |  1549
          D:13 |       0 |    9013 |   0.0 |       0 |      33 |   0.0 |  1180
          D:14 |       0 |    7011 |   0.0 |       0 |      30 |   0.0 |  1708
          D:15 |       0 |    8409 |   0.0 |       0 |      27 |   0.0 |  1876
        Lair:1 |       0 |    6177 |   0.0 |       0 |      28 |   0.0 |  1835
        Lair:2 |       0 |   10196 |   0.0 |       0 |      32 |   0.0 |  1943
        Lair:3 |       0 |    7259 |   0.0 |       0 |      33 |   0.0 |  1618
        Lair:4 |       0 |    9122 |   0.0 |       0 |      20 |   0.0 |  2186
        Lair:5 |       0 |    5124 |   0.0 |       0 |      20 |   0.0 |  1497
        Lair:6 |       0 |   25695 |   0.0 |       0 |      94 |   0.0 |  1934
      Shoals:1 |       0 |   12784 |   0.0 |       0 |      25 |   0.0 |  1366
      Shoals:2 |       0 |   24442 |   0.0 |       0 |      44 |   0.0 |  1402
      Shoals:3 |       0 |   18051 |   0.0 |       0 |      37 |   0.0 |  1385
      Shoals:4 |       0 |   21250 |   0.0 |       0 |      31 |   0.0 |   630
      Spider:1 |       0 |   19277 |   0.0 |       0 |      49 |   0.0 |  1919
      Spider:2 |       0 |    7964 |   0.0 |       0 |      23 |   0.0 |   444
      Spider:3 |       0 |   34409 |   0.0 |       0 |      73 |   0.0 |  3066
      Spider:4 |       0 |   33447 |   0.0 |       0 |      66 |   0.0 |  2616
         Orc:1 |       0 |     828 |   0.0 |       0 |      13 |   0.0 |   695
         Orc:2 |       0 |    9544 |   0.0 |       0 |      68 |   0.0 |  2296
       Ossuary |       0 |     600 |   0.0 |       0 |      13 |   0.0 |   267
         IceCv |       0 |   13374 |   0.0 |       0 |      51 |   0.0 |  2009
               +---------+---------+-------+---------+---------+-------+---------
